 Dungeon Crawl Stone Soup version 0.23.0-3-gf3c87f2 (webtiles) character file.

Game seed: 3969139254957411553

48 xccam the Insei (level 3, -1/23 HPs)
             Began as an Octopode Transmuter on Feb 21, 2019.
             Shot with a stone by a goblin (5 damage)
             ... led by Robin
             ... on level 2 of the Dungeon.
             The game lasted 00:01:57 (1250 turns).

xccam the Insei (Octopode Transmuter)               Turns: 1250, Time: 00:01:58

Health: -1/23      AC:  1    Str: 10    XL:     3   Next: 72%
Magic:  4/6        EV: 13    Int: 15    God:
Gold:   33         SH:  4    Dex: 12    Spells: 3/6 levels left

rFire    . . .     SeeInvis .     - Unarmed
rCold    . . .     Gourm    .   d - +0 buckler (curse)
rNeg     . . .     Faith    .   (helmet restricted)
rPois    .         Spirit   .   (no amulet)
rElec    .         Reflect  .   (no ring)
rCorr    .         Harm     .   (no ring)
MR       .....                  (no ring)
Stlth    ++........             (no ring)
HPRegen  0.07/turn              (no ring)
MPRegen  0.10/turn              (no ring)
                                (no ring)
                                (no ring)

@: no status effects
A: almost no armour, stealthy swim, amphibious, 8 rings, constrict 8, camouflage
1, gelatinous body 1
a: no special abilities


You were on level 2 of the Dungeon.
You were not hungry.

You visited 1 branch of the dungeon, and saw 2 of its levels.

You collected 33 gold pieces.

Inventory:

Missiles
 a - 28 arrows
Armour
 d - a cursed +0 buckler (worn)
Scrolls
 b - a scroll of amnesia {unknown}
 e - a scroll of fear {unknown}
 f - a scroll of teleportation {unknown}
 g - a scroll of identify {unknown}
Potions
 h - a potion of invisibility {unknown}
 i - a potion of brilliance {unknown}
 j - a potion of curing {unknown}
 l - a potion of haste {unknown}
Comestibles
 c - a ration
 k - 2 chunks of flesh


   Skills:
 - Level 1.0 Fighting
 - Level 2.0 Dodging
 * Level 1.8 Shields
 + Level 3.9 Unarmed Combat
 - Level 2.0 Spellcasting
 + Level 2.2 Transmutations


You had 3 spell levels left.
You knew the following spells:

 Your Spells              Type           Power        Failure   Level  Hunger
a - Beastly Appendage     Tmut           #.....       12%         1    #......
b - Sticks to Snakes      Tmut           #.......     19%         2    ###....

Your spell library contained the following spells:

 Spells                   Type           Power        Failure   Level  Hunger
 Spider Form              Tmut/Pois      #.........   50%         3    ###....
 Ice Form                 Ice/Tmut       #.......     88%         4    #####..
 Blade Hands              Tmut           #.........   97%         5    ######.


Dungeon Overview and Level Annotations

Branches:
Dungeon (2/15)

Altars:


Innate Abilities, Weirdness & Mutations

You cannot wear most types of armour.
You are very stealthy in the water. (Stealth+)
You are amphibious.
You can wear up to eight rings at the same time.
You can use your tentacles to constrict eight enemies at once.
Your skin changes colour to match your surroundings (Stealth+).
Your rubbery body absorbs attacks. (AC +1, EV +1)


Message History

Robin zaps a wand.
Your giant cockroach resists with significant effort.
Your giant cockroach barely misses Robin.
Your giant cockroach bites Robin but does no damage.
Robin zaps a wand.
Your gnoll falls off the wall.
Your giant cockroach evaporates and reforms as a gnoll!
Robin barely misses your gnoll.
Your gnoll hits Robin.
Robin dies!
The goblin wields a +0 hunting sling.
The goblin shoots a stone.
The stone hits your gnoll but does no damage.
The goblin shoots a stone.
The stone hits your gnoll but does no damage.
The goblin shoots a stone.
The stone closely misses your gnoll. The stone hits you.
The goblin shoots a stone.
The stone barely misses your gnoll. The stone hits you.
* * * LOW HITPOINT WARNING * * *
The goblin shoots a stone.
The stone completely misses your gnoll. The stone hits you.
You die...

##############
#..g)g@......#
#.##########.#
#.#
#######.###
#.........#
#.........#
#.........#
#######.######
#.# #..


You could see a goblin and a friendly gnoll.

Vanquished Creatures
  A dart slug (D:1)
  9 bats
  8 goblins
  4 hobgoblins
  A ball python (D:1)
  2 frilled lizards
  3 kobolds (D:1)
  5 rats (D:1)
33 creatures vanquished.

Vanquished Creatures (collateral kills)
  Robin (D:2)
  An ooze (D:1)
  2 goblins (D:2)
4 creatures vanquished.

Grand Total: 37 creatures vanquished

Notes
Turn   | Place    | Note
-------+----------+-------------------------------------------
     0 | D:1      | xccam the Octopode Transmuter began the quest for the Orb.
     0 | D:1      | Reached XP level 1. HP: 13/13 MP: 3/3
    50 | D:1      | Reached XP level 2. HP: 13/18 MP: 5/5
   626 | D:1      | Reached skill level 1 in Shields
   658 | D:1      | Learned a level 2 spell: Sticks to Snakes
   679 | D:1      | Reached XP level 3. HP: 8/23 MP: 1/6
  1228 | D:2      | Noticed Robin
  1244 | D:2      | Killed Robin
  1250 | D:2      | Shot with a stone by a goblin

Skill      XL: |  1  2 |
---------------+-------+-----
Shields        | 1 |  1.8
Fighting       | |  1.0
Dodging        | |  2.0
Unarmed Combat | |  3.9
Spellcasting   | |  2.0
Transmutations | |  2.2

Action                   || total
-------------------------++-------
Melee: Unarmed           ||    69
       Constrict         ||    17
       Tentacles         ||    13
       Punch             ||     3
       Kick              ||     1
 Cast: Sticks to Snakes  ||     3
       Beastly Appendage ||     2
 Stab: Sleeping          ||     2
  Eat: Chunk             ||     1
Armor: Skin              ||     7
Dodge: Dodged            ||    43
Block: Buckler           ||     8
